AoeStats
← timon_1994

Black Forest

508252206Analyzed
4v4 RM · 9d ago on Sep 21, 2026· 49m 20s· 8 players
Game mode
Random Map
Map size
Large (8 player)
Population
200
Speed
Normal
Resources
Standard
Victory
Conquest
Starting age
Dark Age
Ending age
Imperial Age
RankedLock teamsTeams togetherTeam positionsShared explorationLock speedFull tech treeHidden civsTurbo modeCheats
Victory
Defeat
🇨🇦 Spanish · Canada
1177
+14
🇧🇷 Romans · Brazil
1157
+14
🇨🇦 Slavs · Canada
1153
+14
🇳🇱 Bohemians · Netherlands
1117
+16
🇨🇱 Bohemians · Chile
1198
-17
🇮🇳 Mongols · India
1149
-16
🇺🇸 Persians · United States
1082
-13
🇺🇸 Britons · United States
1054
-12
CapitaoPlaneta
1:51 Loom
13:10 Feudal Age
13:44 Double-Bit Axe
15:10 Gold Mining
19:40 Castle Age
18:28 Horse Collar
19:19 Stone Mining
20:05 Fletching
24:08 Bow Saw
25:31 Town Watch
26:24 Wheelbarrow
27:04 Gold Shaft Mining
27:26 Heavy Plow
35:14 Imperial Age
33:33 Hand Cart
33:43 Fortified Wall
33:54 Ballistics
34:37 Scale Mail Armor
34:39 Squires
34:12 Pikeman
35:25 Forging
36:23 Chain Mail Armor
36:21 Halberdier
37:38 Iron Casting
40:00 Chemistry
38:56 Murder Holes
38:34 Elite Skirmisher
39:41 Conscription
40:05 Masonry
41:17 Siege Engineers
42:45 Blast Furnace
41:46 Padded Archer Armor
41:41 Bodkin Arrow
41:19 Onager
42:00 Man-at-Arms
45:38 Leather Archer Armor
45:29 Scale Barding Armor
45:19 Capped Ram
46:42 Comitatenses
46:55 Ring Archer Armor
46:28 Sappers
47:43 Chain Barding Armor
timon_1994
10:31 Feudal Age
14:56 Castle Age
13:16 Double-Bit Axe
16:14 Horse Collar
19:46 Bow Saw
21:13 Loom
25:19 Chemistry
25:21 Wheelbarrow
25:17 Heavy Plow
26:46 Padded Archer Armor
31:11 Imperial Age
30:26 Elite Skirmisher
32:16 Leather Archer Armor
31:51 Fletching
32:35 Conscription
33:39 Two-Man Saw
33:21 Masonry
34:03 Hand Cart
34:27 Ring Archer Armor
33:53 Bodkin Arrow
34:13 Scale Mail Armor
34:23 Forging
33:39 Pikeman
35:44 Ring Archer Armor
35:11 Bodkin Arrow
39:00 Architecture
38:51 Ballistics
39:05 Architecture
38:44 Siege Engineers
victor002
0:39 Loom
12:39 Feudal Age
18:36 Castle Age
17:04 Horse Collar
17:15 Double-Bit Axe
18:10 Horse Collar
28:25 Gold Mining
29:27 Bow Saw
33:07 Imperial Age
30:47 Heavy Plow
31:18 Fortified Wall
31:13 Pikeman
31:54 Squires
32:06 Man-at-Arms
33:25 Forging
33:15 Scale Mail Armor
33:11 Long Swordsman
33:55 Squires
34:17 Conscription
34:23 Two-Handed Swordsman
36:32 Iron Casting
36:21 Champion
37:31 Chain Mail Armor
38:22 Capped Ram
39:15 Siege Ram
45:37 Blast Furnace
45:07 Plate Mail Armor
44:51 Siege Engineers
49:24 Crop Rotation
49:57 Two-Man Saw
50:01 Chemistry
48:58 Murder Holes
49:13 Masonry
elsuum_93
2:04 Loom
13:12 Feudal Age
13:48 Double-Bit Axe
16:51 Castle Age
16:54 Horse Collar
18:13 Bow Saw
20:16 Wheelbarrow
21:12 Town Watch
28:46 Imperial Age
26:50 Heavy Plow
27:10 Gold Mining
27:51 Scale Barding Armor
27:57 Forging
28:13 Hand Cart
28:58 Bloodlines
28:48 Husbandry
29:11 Chain Barding Armor
30:30 Two-Man Saw
29:04 Cavalier
30:08 Town Watch
31:02 Plate Barding Armor
31:03 Iron Casting
32:56 Conscription
31:59 Paladin
36:12 Chemistry
48:20 Blast Furnace
47:11 Fletching
Hensui11
0:36 Loom
11:34 Feudal Age
17:34 Castle Age
15:39 Double-Bit Axe
16:44 Gold Mining
17:05 Horse Collar
31:41 Imperial Age
31:08 Fletching
31:18 Padded Archer Armor
32:18 Gold Shaft Mining
32:38 Wheelbarrow
32:27 Ballistics
32:37 Crossbowman
34:25 Chemistry
34:38 Warwolf
34:52 Arbalester
37:27 Heavy Plow
36:55 Elite Longbowman
39:21 Bodkin Arrow
39:42 Leather Archer Armor
46:40 Fortified Wall
46:48 Hand Cart
chucvuive008
13:05 Feudal Age
16:42 Castle Age
14:52 Double-Bit Axe
18:06 Bow Saw
19:28 Horse Collar
21:49 Gold Mining
23:28 Wheelbarrow
25:06 Gold Shaft Mining
26:40 Hand Cart
30:34 Imperial Age
28:32 Heavy Plow
29:52 Scale Barding Armor
29:58 Forging
31:26 Husbandry
31:36 Bloodlines
32:22 Chain Barding Armor
32:03 Scale Mail Armor
34:11 Crop Rotation
33:44 Stone Mining
33:45 Elite War Elephant
35:40 Iron Casting
35:41 Plate Barding Armor
39:29 Blast Furnace
I_am_Ed10s
0:33 Loom
13:11 Feudal Age
19:08 Castle Age
17:33 Double-Bit Axe
18:49 Fletching
22:41 Town Watch
22:56 Town Watch
29:00 Imperial Age
28:53 Chemistry
32:02 Conscription
32:09 Houfnice
33:19 Bow Saw
37:07 Forging
36:58 Scale Mail Armor
36:23 Pikeman
37:05 Halberdier
38:36 Iron Casting
39:22 Chain Mail Armor
RiGhT
9:36 Loom
11:24 Feudal Age
15:42 Castle Age
13:58 Double-Bit Axe
15:13 Horse Collar
17:02 Fishing Lines
17:48 Bow Saw
18:33 Horse Collar
23:48 Horse Collar
26:57 Heavy Plow
28:03 Gillnets
29:28 Wheelbarrow
29:14 Town Watch
32:35 Imperial Age
31:28 Scale Mail Armor
31:39 Forging
31:22 Fletching
31:33 Padded Archer Armor
31:36 Nomads
32:00 Ballistics
31:51 Masonry
31:37 Murder Holes
32:01 Gold Mining
32:02 Stone Mining
32:29 Thumb Ring
32:56 Bloodlines
32:48 Husbandry
33:47 Gold Shaft Mining
32:40 Capped Ram
33:17 Bodkin Arrow
34:06 Leather Archer Armor
34:15 Conscription
34:37 Hand Cart
35:39 Chemistry
34:39 Siege Ram
35:51 Drill
36:30 Siege Engineers
37:07 Hoardings
36:45 Onager
38:47 Bracer
40:02 Parthian Tactics
40:25 Elite Mangudai
Connection lost

Rejoining the realm…

Still unreachable

The connection could not be restored.

Session expired

The server has moved on; the page needs a fresh start.